 Dungeon Crawl Stone Soup version 0.30-a0-393-g54b8e3be05 (webtiles) character file.

Game seed: 8642027566215668225

20997 voltaire321 the Nimble (level 13, -8/80 HPs)
             Began as a Kobold Enchanter on Dec 5, 2022.
             Was a High Priest of Dithmenos.
             Mangled by a death yak (20 damage)
             ... on level 1 of the Lair of Beasts.
             The game lasted 00:54:20 (14344 turns).

voltaire321 the Nimble (Kobold Enchanter)          Turns: 14344, Time: 00:54:20

Health: -8/80      AC: 13    Str:  7    XL:     13   Next: 16%
Magic:  16/32      EV: 19    Int: 17    God:    Dithmenos [*****.]
Gold:   2661       SH:  5    Dex: 18    Spells: 11/25 levels left

rFire   . . .      SeeInvis .    k - +6 quick blade (vamp)
rCold   . . .      Faith    .    (no shield)
rNeg    . . .      Spirit   .    P - +0 acid dragon scales
rPois   .          Reflect  +    m - +1 helmet of Henotheism {Will+}
rElec   .          Harm     .    (no cloak)
rCorr   +          Rampage  .    (no gloves)
Will    ++++.                    (no boots)
Stlth   ++++++++..               v - amulet of reflection
HPRegen 0.33/turn                r - ring of Desertification {Will++ MP+9}
MPRegen 0.23/turn                F - ring "Hetzyn" {Will+ AC+4}

@: very slightly contaminated, wreathed by umbra
A: small, no large weapons, nightstalker 3
a: Renounce Religion, Shadow Step, Shadow Form


You were on level 1 of the Lair of Beasts.
You worshipped Dithmenos.
Dithmenos was extremely pleased with you.
You visited 3 branches of the dungeon, and saw 13 of its levels.

You collected 2941 gold pieces.
You spent 280 gold pieces at shops.

Inventory:

Hand Weapons
 a - a +1 dagger
 k - a +6 vampiric quick blade (weapon)
 w - a +0 dagger of electrocution
 I - a +0 rapier
Missiles
 l - 2 throwing nets
 p - 43 poisoned darts (quivered)
 D - a curare-tipped dart
Armour
 b - a +1 robe
 m - the +1 helmet of Henotheism (worn) {Will+}
   (You found it on level 2 of the Dungeon)

   Will:      It increases your willpower.
 u - an orb of light
 P - +0 acid dragon scales (worn)
Jewellery
 q - an amulet of regeneration
 r - the ring of Desertification (left hand) {Will++ MP+9}
   (You acquired it in the Ecumenical Temple)

   [ring of magical power]

   MP:        It affects your magic capacity (+9).
   Will:      It greatly increases your willpower.
 v - an amulet of reflection (around neck)
 x - a ring of positive energy
 y - a ring of positive energy
 E - a ring of protection from cold
 F - the ring "Hetzyn" (right hand) {Will+ AC+4}
   (You acquired it on level 5 of the Dungeon)

   [ring of protection]

   AC:        It affects your AC (+4).
   Will:      It increases your willpower.
 G - a +6 ring of intelligence
 J - an amulet of magic regeneration
Wands
 g - a wand of roots (22)
 o - a wand of flame (51)
 H - a wand of digging (8)
 L - a wand of quicksilver (4)
Scrolls
 h - 4 scrolls of teleportation
 i - a scroll of poison
 n - 2 scrolls of amnesia
 M - a scroll of enchant armour
 N - 3 scrolls of identify
 O - a scroll of butterflies
 Q - a scroll of magic mapping
Potions
 c - 3 potions of invisibility
 d - 3 potions of berserk rage
 e - 3 potions of haste
 f - 4 potions of lignification
 j - a potion of might {unknown}
 s - 7 potions of curing
 t - 2 potions of brilliance
 z - 2 potions of magic
 A - 4 potions of flight
 B - 3 potions of mutation
 C - 2 potions of cancellation
 K - 2 potions of attraction {unknown}
 R - a potion of heal wounds {unknown}


   Skills:
 * Level 9.6 Fighting
 - Level 8.0 Short Blades
 + Level 4.1 Armour
 * Level 10.9 Dodging
 + Level 10.0 Stealth
 + Level 6.7 Spellcasting
 + Level 3.8 Conjurations
 - Level 8.0 Hexes
 * Level 6.8 Ice Magic
 + Level 5.8 Invocations


You had 11 spell levels left.
You knew the following spells:

 Your Spells              Type           Power      Damage    Failure   Level
a - Ensorcelled Hibernat  Hex/Ice        60%        N/A       1%          2
b - Tukima's Dance        Hex            32%        N/A       2%          3
c - Dazzling Flash        Conj/Hex       50%        N/A       5%          3
d - Frozen Ramparts       Ice            58%        1d9       3%          3
e - Hailstorm             Conj/Ice       23%        3d7       7%          3

Your spell library contained the following spells:

 Spells                   Type           Power      Damage    Failure   Level
 Freeze                   Ice            100%       1d10      1%          1
 Confusing Touch          Hex            32%        N/A       2%          3
 Magic Dart               Conj           72%        1d6       4%          1
 Beastly Appendage        Tmut           10%        N/A       22%         1
 Blink                    Tloc           10%        N/A       32%         2
 Call Imp                 Summ           5%         N/A       32%         2
 Wereblood                Tmut           5%         N/A       32%         2
 Mephitic Cloud           Conj/Pois/Air  10%        N/A       36%         3
 Spider Form              Tmut/Pois      5%         N/A       54%         3
 Manifold Assault         Tloc           5%         N/A       91%         4
 Storm Form               Tmut/Air       2%         N/A       100%        7


Dungeon Overview and Level Annotations

Branches:
Dungeon (11/15)            Temple (1/1) D:6            Lair (1/5) D:11
    Orc: D:9-12

Altars:
Ashenzari
Cheibriados
Dithmenos
Elyvilon
Fedhas
Gozag
Hepliaklqana
Makhleb
Nemelex Xobeh
Qazlal
Ru
Sif Muna
Vehumet
Wu Jian
Xom
The Shining One

Shops:
D:2 :   D:5 (   D:6 *   D:8 :

Annotations:
D:6 1 runed translucent door


Innate Abilities, Weirdness & Mutations

You are small and have problems with some larger weapons.
You are completely attuned to the shadows.


Message History

Aim: a death yak (umbra, chance to affect: 5%)
The death yak resists with almost no effort.
Casting: Ensorcelled Hibernation (safe; 1% risk of failure)
Confirm with . or Enter, or press ? or * to list all spells.
Aiming: Ensorcelled Hibernation (safe; 1% risk of failure)
Press: ? - help, Shift-Dir - straight line, f/p - death yak
Aim: a death yak (umbra, chance to affect: 5%)
The death yak resists with almost no effort.
The death yak misses you.
Casting: Ensorcelled Hibernation (safe; 1% risk of failure)
Confirm with . or Enter, or press ? or * to list all spells.
Aiming: Ensorcelled Hibernation (safe; 1% risk of failure)
Press: ? - help, Shift-Dir - straight line, f/p - death yak
Aim: a death yak (umbra, chance to affect: 5%)
You miscast Ensorcelled Hibernation.
You are very lightly contaminated with residual magic.
Nothing appears to happen.
The death yak gores you! The death yak misses you.
Casting: Ensorcelled Hibernation (safe; 1% risk of failure)
Confirm with . or Enter, or press ? or * to list all spells.
Aiming: Ensorcelled Hibernation (safe; 1% risk of failure)
Press: ? - help, Shift-Dir - straight line, f/p - death yak
Aim: a death yak (umbra, chance to affect: 5%)
The death yak resists with almost no effort.
The death yak gores you but does no damage.
The death yak gores you!
Casting: Ensorcelled Hibernation (safe; 1% risk of failure)
Confirm with . or Enter, or press ? or * to list all spells.
Aiming: Ensorcelled Hibernation (safe; 1% risk of failure)
Press: ? - help, Shift-Dir - straight line, f/p - death yak
Aim: a death yak (umbra, chance to affect: 5%)
The death yak resists with almost no effort.
The death yak gores you! The death yak misses you.
The death yak attacks as you move away! The death yak completely misses you.
The death yak attacks as you move away! The death yak gores you.
The death yak attacks as you move away! The death yak gores you!!
* * * LOW HITPOINT WARNING * * *
The death yak attacks as you move away! The death yak gores you!
* * * LOW HITPOINT WARNING * * *
The death yak attacks as you move away! The death yak gores you!!
You die...

..................######.#...###.
...................P####.##.....^
..........>......................
..................(..............
.................##....#.+#......
.................#.............##
...###.###.#.....#.............#
...#........#..YY#.............#.
............#...@#....Y..........
...#........#....#........#....#.
...#.............#........#....#.
............#..................#.
..................#...####.....#.
...#........+..................#.
...#########....................#
.................................
....................>............


You could see 2 death yaks.

Vanquished Creatures
  A centaur warrior (D:8)
  A catoblepas (Lair:1)
  3 two-headed ogres
  A boulder beetle (D:10)
  A death yak (Lair:1)
  Pikel (D:7)
  A deep elf zephyrmancer (D:11)
  A deep elf pyromancer (D:11)
  A manticore (D:11)
  2 cyclopes (D:8)
  2 ugly things
  A cane toad (Lair:1)
  2 komodo dragons (Lair:1)
  A rime drake (Lair:1)
  A troll (D:9)
  5 blink frogs (Lair:1)
  A slime creature (D:8)
  A shadow (D:9)
  6 wraiths
  27 yaks
  3 wyverns
  A basilisk (Lair:1)
  Eustachio (D:5)
  A steam dragon (D:8)
  3 acid dragons
  3 water moccasins
  A swamp drake (D:11)
  An ice beast (D:8)
  4 orc warriors
  A sky beast (D:8)
  A black bear (D:4)
  2 ogres (D:6)
  3 centaurs
  A phantom (D:6)
  3 kobold brigands
  7 bullfrogs
  5 gnoll sergeants
  5 jellies
  3 scorpions
  6 wights
  14 killer bees
  4 howler monkeys
  3 electric eels (Lair:1)
  A crimson imp (D:11)
  3 lava snakes (Lair:1)
  4 orc priests
  6 hounds
  An iron imp (D:11)
  3 iguanas
  16 orc wizards
  10 gnolls
  7 adders
  2 shadow imps
  3 white imps
  An ufetubus (D:7)
  5 worms
  5 dart slugs
  55 orcs
  7 bats
  4 endoplasms
  9 giant cockroaches
  5 goblins
  9 hobgoblins
  2 jackals (D:1)
  6 quokkas
  9 ball pythons
  3 frilled lizards
  19 kobolds
  10 rats
341 creatures vanquished.

Vanquished Creatures (others)
  A dancing weapon (D:9)
  6 fungi (Lair:1)
  20 plants
27 creatures vanquished.

Grand Total: 368 creatures vanquished

Notes
Turn   | Place    | Note
-------+----------+-------------------------------------------
     0 | D:1      | voltaire321 the Kobold Enchanter began the quest for the
                  | Orb.
     0 | D:1      | Reached XP level 1. HP: 10/10 MP: 3/3
   128 | D:1      | Reached XP level 2. HP: 16/16 MP: 5/5
   143 | D:1      | Learned a level 2 spell: Ensorcelled Hibernation
   388 | D:1      | Reached XP level 3. HP: 18/20 MP: 6/6
   414 | D:1      | HP: 1/20 [dart slug/slug dart (2)]
   572 | D:1      | Reached skill level 1 in Fighting
   826 | D:1      | Learned a level 3 spell: Tukima's Dance
   997 | D:2      | Identified the +1 helmet of Henotheism {Will+}
  1194 | D:2      | Reached XP level 4. HP: 25/25 MP: 4/7
  1370 | D:2      | Found Itosieki's Book Shoppe.
  1382 | D:2      | Reached skill level 1 in Ice Magic
  2184 | D:3      | Reached XP level 5. HP: 11/30 MP: 3/8
  2395 | D:3      | Found an opulent altar of Gozag.
  2401 | D:3      | Found an opulent altar of Gozag.
  2465 | D:3      | Found an opulent altar of Gozag.
  2477 | D:3      | Found an opulent altar of Gozag.
  2483 | D:3      | Found a hazy altar of Hepliaklqana.
  3024 | D:4      | Reached XP level 6. HP: 20/35 MP: 1/10
  3129 | D:4      | Found a sacrificial altar of Ru.
  3339 | D:4      | Found a sparkling altar of Nemelex Xobeh.
  3398 | D:4      | Reached skill level 5 in Stealth
  3406 | D:4      | Found a snail-covered altar of Cheibriados.
  3578 | D:4      | Noticed a black bear
  3584 | D:4      | Killed a black bear
  3585 | D:4      | Reached XP level 7. HP: 40/40 MP: 8/11
  3722 | D:5      | Entered Level 5 of the Dungeon
  3723 | D:5      | Identified 5 scrolls of acquirement
  3723 | D:5      | Acquired the ring "Hetzyn" {Will+ AC+4}
  4057 | D:5      | Noticed Eustachio
  4062 | D:5      | Killed Eustachio
  4096 | D:5      | Reached XP level 8. HP: 46/46 MP: 11/13
  4174 | D:5      | Found Ymobox's Antique Weapon Shop.
  4449 | D:5      | Reached skill level 5 in Dodging
  4708 | D:6      | Noticed a wraith
  4771 | D:6      | Found a staircase to the Ecumenical Temple.
  4827 | D:6      | Reached skill level 5 in Hexes
  5365 | D:6      | Reached XP level 9. HP: 52/52 MP: 5/14
  5648 | Temple   | Entered the Ecumenical Temple
  5664 | Temple   | Became a worshipper of Dithmenos the Shadowed
  5665 | Temple   | Acquired 756 gold pieces
  5667 | Temple   | Acquired 563 gold pieces
  5669 | Temple   | Acquired a +4 vampiric quick blade
  5672 | Temple   | Acquired the ring of Desertification {Will++ MP+9}
  5941 | D:6      | Found Laulaawe's Assorted Antiques.
  6080 | D:6      | Reached skill level 1 in Invocations
  6216 | D:6      | Reached skill level 5 in Fighting
  6314 | D:6      | Found a runed translucent door.
  6343 | D:6      | Found an ornate altar of the Wu Jian Council.
  7389 | D:7      | Noticed Pikel
  7404 | D:7      | Killed Pikel
  7405 | D:7      | Reached skill level 5 in Short Blades
  7740 | D:7      | Learned a level 3 spell: Dazzling Flash
  7800 | D:7      | Reached skill level 1 in Armour
  7822 | D:7      | Reached * piety under Dithmenos
  8222 | D:8      | Reached XP level 10. HP: 60/60 MP: 16/16
  8257 | D:8      | Noticed a two-headed ogre
  8266 | D:8      | Killed a two-headed ogre
  8358 | D:8      | Noticed a cyclops
  8378 | D:8      | Killed a cyclops
  8474 | D:8      | Noticed a centaur warrior
  8480 | D:8      | Killed a centaur warrior
  8481 | D:8      | Reached skill level 5 in Spellcasting
  8774 | D:8      | Reached XP level 11. HP: 67/67 MP: 18/18
  8838 | D:8      | Found Zeajuak's Book Boutique.
  8843 | D:8      | Bought a book of Frost for 280 gold pieces
  8847 | D:8      | Learned a level 3 spell: Frozen Ramparts
  8956 | D:8      | Reached ** piety under Dithmenos
  9458 | D:8      | Noticed a cyclops
  9465 | D:8      | Killed a cyclops
  9494 | D:8      | Acquired 870 gold pieces
  9547 | D:9      | Reached skill level 1 in Conjurations
 10064 | D:9      | Found a shimmering altar of Xom.
 10097 | D:9      | Reached *** piety under Dithmenos
 10656 | D:9      | Noticed a two-headed ogre
 10666 | D:9      | Killed a two-headed ogre
 10763 | D:9      | Found a broken altar of Ashenzari.
 11111 | D:10     | Entered Level 10 of the Dungeon
 11196 | D:10     | Found a burning altar of Makhleb.
 11201 | D:10     | Learned a level 3 spell: Hailstorm
 11363 | D:10     | Noticed a cyan ugly thing
 11374 | D:10     | Killed a cyan ugly thing
 11375 | D:10     | Reached skill level 5 in Ice Magic
 11408 | D:10     | Noticed a boulder beetle
 11414 | D:10     | Killed a boulder beetle
 11415 | D:10     | Reached XP level 12. HP: 74/74 MP: 20/20
 11766 | D:10     | Found a stormy altar of Qazlal.
 12355 | D:11     | Reached skill level 5 in Invocations
 12440 | D:11     | Noticed a two-headed ogre
 12448 | D:11     | Killed a two-headed ogre
 12449 | D:11     | Reached skill level 10 in Dodging
 12504 | D:11     | Reached **** piety under Dithmenos
 12537 | D:11     | Found a staircase to the Lair.
 12810 | D:11     | Found the +2 hat of the Bear Spirit {Spirit, *Rage Will++}
 12890 | Lair:1   | Entered Level 1 of the Lair of Beasts
 13473 | Lair:1   | Noticed a death yak
 13477 | Lair:1   | Noticed a death yak
 13477 | Lair:1   | Noticed a death yak
 13671 | Lair:1   | Killed a death yak
 14030 | Lair:1   | Reached XP level 13. HP: 80/80 MP: 22/22
 14073 | Lair:1   | Reached skill level 10 in Stealth
 14098 | Lair:1   | Reached ***** piety under Dithmenos
 14119 | Lair:1   | Noticed a catoblepas
 14139 | Lair:1   | Killed a catoblepas
 14344 | Lair:1   | Mangled by a death yak

Illustrated notes

Levels and vault maps discovered:
D:1:      dpeg_arrival_arbitrary_a, layout_rooms, minmay_pentomino_o2
D:2:      layout_loops_ring, serial_shops, shop, minmay_misc_feat_tower
D:3:      layout_basic, nicolae_hepliaklqana_hazy_memory,
          nicolae_gozag_conspicuous_consumption, corexii_leaking_fountain
D:4:      layout_cave_pools, mainiacjoe_overflow_alcove_1,
          mainiacjoe_overflow_24_doors, marbit_many_paths,
          nicolae_figureground_sparkle
D:5:      minmay_skewed_foursquare, layout_basic, serial_shops, shop,
          uniq_eustachio
D:6:      layout_basic, nzn_wu_jian_contemplation, temple_fountains,
          serial_shops, kennysheep_mini, ebering_ghost_sewer_d
D:7:      layout_basic, uniq_pikel
D:8:      layout_loops_ring, serial_shops, nicolae_shop_hallway_plus,
          minmay_door_square, hangedman_decor_points, minmay_shattered_shrine
D:9:      layout_loops_ring, mainiacjoe_overflow_brackets, xom_confusion_cloud
D:10:     wander_river, layout_loops_ring, nicolae_overflow_crystal_walls,
          bloody_makhleb
D:11:     layout_rooms, dpeg_oklobed_lair, hangedman_minor_magic
Temple:   chequers_temple_sunken
Lair:1:   layout_regular_city, minmay_hedge_maze, nicolae_lair_liquid_snakes

Skill      XL: |  1  2  3  4  5  6  7  8  9 10 11 12 13 |
---------------+----------------------------------------+-----
Short Blades   | 2 3 4 5 6 7 8 |  8.0
Fighting       | 1 2 3 4 5 7 8 9 |  9.6
Ice Magic      | 1 2 3 4 5 6 |  6.8
Dodging        | 3 4 5 7 8 9 10 | 10.9
Spellcasting   | 3 4 5 6 |  6.7
Stealth        | 5 6 7 8 9 10 | 10.0
Hexes          | 4 5 6 7 8 |  8.0
Invocations    | 2 3 4 5 |  5.8
Armour         | 1 2 3 4 |  4.1
Conjurations   | 2 3 |  3.8

Action                   |  1- 3 |  4- 6 |  7- 9 | 10-12 | 13-15 || total
-------------------------+-------+-------+-------+-------+-------++-------
Melee: Dagger            |   102 |   143 |    82 |       |       ||   327
       Punch             |       |     2 |     2 |     5 |       ||     9
       Quick blade       |       |       |   201 |   443 |    42 ||   686
Throw: Dart              |       |       |       |     2 |       ||     2
 Cast: Ensorcelled Hiber |    12 |    23 |    40 |   125 |    21 ||   221
       Tukima's Dance    |       |       |       |     2 |       ||     2
       Frozen Ramparts   |       |       |       |     1 |       ||     1
Evoke: Wand              |       |       |     5 |       |       ||     5
  Use: Scroll            |       |       |    22 |     8 |     1 ||    31
 Stab: Sleeping          |    21 |    38 |    32 |   127 |     7 ||   225
       Distracted        |       |       |     2 |     5 |       ||     7
Armor: Robe              |    16 |    36 |    43 |    18 |       ||   113
       Acid dragon scale |       |       |       |    19 |     4 ||    23
Dodge: Dodged            |    66 |    63 |   137 |   190 |    33 ||   489
Block: Other             |       |     6 |    35 |    39 |     3 ||    83
       Reflection        |       |       |       |     1 |       ||     1

Table legend: (Time is in decaauts)
 A = Elapsed time spent in this place.
 B = Non-inter-level travel time spent in this place.
 C = Inter-level travel time spent in this place.
 D = Time resting spent in this place.
 E = Time spent auto-exploring this place.
 F = Levels seen in this place.
 G = Mean time per level.
                   A        B        C        D        E       F      G
               +--------+--------+--------+--------+--------+-----+--------+
         Total |  13953 |  13382 |    571 |   2134 |   8322 |  13 | 1073.3 |
       Dungeon |  12581 |  12010 |    571 |   1865 |   7576 |  11 | 1143.7 |
        Temple |     90 |     90 |      0 |     49 |      7 |   1 |   90.0 |
          Lair |   1282 |   1282 |      0 |    220 |    739 |   1 | 1282.0 |
               +--------+--------+--------+--------+--------+-----+--------+

Top non-repeatable levels by time:
     D:6: 1952 daAuts
     D:8: 1406 daAuts
     D:9: 1331 daAuts
     D:7: 1308 daAuts
  Lair:1: 1282 daAuts
     D:3: 1104 daAuts
     D:5: 1021 daAuts
    D:10: 958 daAuts
     D:1: 897 daAuts
     D:2: 883 daAuts
    D:11: 883 daAuts
     D:4: 834 daAuts
  Temple: 90 daAuts
